 Dungeon Crawl Stone Soup version 0.30-a0-883-g5ad918d77d (webtiles) character file.

Game seed: 155146015726697391

16 Mickster the Covered (level 2, 0/20 HPs)
             Began as a Demigod Wanderer on Mar 16, 2023.
             Frozen to death by an endoplasm (1 damage)
             ... on level 1 of the Dungeon.
             The game lasted 00:07:00 (702 turns).

Mickster the Covered (Demigod Wanderer)              Turns: 702, Time: 00:07:01

Health: 0/20       AC:  9    Str: 12    XL:     2   Next: 27%
Magic:  5/5        EV:  8    Int: 13    God:
Gold:   17         SH:  0    Dex: 15    Spells: 2/3 levels left

rFire   . . .      SeeInvis .    i - +0 spear
rCold   . . .      Faith    .    (no shield)
rNeg    . . .      Spirit   .    d - +2 scale mail
rPois   .          Reflect  .    (no helmet)
rElec   .          Rampage  .    (no cloak)
rCorr   .                        (no gloves)
Will    .....                    (no boots) Stlth
                                 (no amulet)
HPRegen 0.23/turn                (no ring)
MPRegen 0.09/turn                (no ring)

@: no status effects
A: high MP 1, forlorn, divine attributes
a: no special abilities


You were on level 1 of the Dungeon.
You visited 1 branch of the dungeon, and saw 1 of its levels.

You collected 17 gold pieces.

Inventory:

Hand Weapons
 a - a +0 dagger
 f - a +0 club
 i - a +0 spear (weapon)
Armour
 d - a +2 scale mail (worn)
Potions
 c - a potion of heal wounds
 e - a potion of curing


   Skills:
 + Level 0.3 Short Blades
 + Level 1.0 Throwing
 + Level 3.9 Armour
 + Level 1.0 Spellcasting
 + Level 3.8 Poison Magic


You had 2 spell levels left.
You knew the following spells:

 Your Spells              Type           Power      Damage    Failure   Level
a - Sting                 Tmut/Pois      20%        1d4       52%         1

Your spell library contained the following spells:

 Spells                   Type           Power      Damage    Failure   Level
 Ignite Poison            Fire/Tmut/Pois 4%         N/A       94%         3
 Animate Dead             Necr           0%         N/A       100%        4
 Haunt                    Necr/Summ      0%         N/A       100%        7
 Infestation              Necr           0%         N/A       100%        8


Dungeon Overview and Level Annotations

Branches:
Dungeon (1/15)


Innate Abilities, Weirdness & Mutations

You have an increased reservoir of magic. (+10% MP)
You shall have no god before yourself.
Your divine heritage dramatically boosts your attributes as you level up.


Message History

The quokka bites you but does no damage.
The endoplasm freezes you.
You are frozen.
You resist. The quokka barely misses you.
You hit the quokka but do no damage.
The quokka is severely wounded.
The quokka barely misses you.
The endoplasm hits you but does no damage.
You hit the quokka but do no damage.
The quokka is severely wounded.
The quokka bites you. The endoplasm freezes you.
You are frozen.
You resist.
You completely miss the quokka.
The quokka is severely wounded.
The quokka bites you but does no damage.
The endoplasm hits you but does no damage.
The quokka bites you.
You hit the quokka.
You kill the quokka!
You float gracefully downwards.
You start to feel less resistant.
The endoplasm hits you.
* * * LOW HITPOINT WARNING * * *
You see here a quokka corpse.
You hit the endoplasm but do no damage. The endoplasm freezes you.
You are frozen.
You resist.
* * * LOW HITPOINT WARNING * * *
You hit the endoplasm but do no damage. The endoplasm freezes you.
You are frozen.
You resist.
* * * LOW HITPOINT WARNING * * *
The endoplasm hits you.
* * * LOW HITPOINT WARNING * * *
You hit the endoplasm.
The endoplasm is lightly wounded.
Your resistance to elements expires.
The endoplasm freezes you.
You are frozen.
You die...

#. #. #. #. ### #$ #. ..#
#. #. ##.###
#.######.##### #....
#.#... ......# #..####
#?#.#.#####.##.###......
#....lJ@..............##
###.#.####.#.#.###.##.#
..............#......#
#....!....#....##......##
#.........#..............
####.#..#.#.....###'###..
#.#..#.#.....#8...8#..
#.#..# #..#..##.#.## . #
#8.#.8#


You could see an endoplasm and a frilled lizard.

Vanquished Creatures
  A ball python (D:1)
  3 bats (D:1)
  2 endoplasms (D:1)
  3 goblins (D:1)
  2 quokkas (D:1)
  2 rats (D:1)
13 creatures vanquished.

Vanquished Creatures (others)
  2 fungi (D:1)
  2 plants (D:1)
4 creatures vanquished.

Grand Total: 17 creatures vanquished

Notes
Turn   | Place    | Note
-------+----------+-------------------------------------------
     0 | D:1      | Mickster the Demigod Wanderer began the quest for the Orb.
     0 | D:1      | Mickster set off with the following items: a +0 dagger, a
                  | potion of attraction, a potion of heal wounds, a +2 scale
                  | mail; and the following spell memorised: Sting; and the
                  | following spells available to memorise: Ignite Poison.
     0 | D:1      | Reached XP level 1. HP: 14/14 MP: 4/4
   308 | D:1      | Reached XP level 2. HP: 12/20 MP: 5/5
   701 | D:1      | HP: 1/20 [endoplasm (2)]
   702 | D:1      | Frozen to death by an endoplasm

Illustrated notes

Levels and vault maps discovered:
D:1:      heliophobic_arrival_ceremonial_halls, layout_basic,
          dreamdust_ecumenical_altar_grove, minivault_19, minmay_split_cup_small

Action                     || total
---------------------------++-------
  Melee: Dagger            ||    31
         Spear             ||    26
    Use: Potion            ||     3
         Scroll            ||     1
 Armour: Scale mail        ||    39
  Dodge: Dodged            ||    14

Table legend: (Time is in decaauts)
 A = Elapsed time spent in this place.
 B = Non-inter-level travel time spent in this place.
 C = Inter-level travel time spent in this place.
 D = Time resting spent in this place.
 E = Time spent auto-exploring this place.
 F = Levels seen in this place.
 G = Mean time per level.
                   A        B        C        D        E       F      G
               +--------+--------+--------+--------+--------+-----+--------+
         Total |    704 |    704 |      0 |    290 |      0 |   1 |  704.0 |
       Dungeon |    704 |    704 |      0 |    290 |      0 |   1 |  704.0 |
               +--------+--------+--------+--------+--------+-----+--------+

Top non-repeatable levels by time:
     D:1: 704 daAuts
